 Dungeon Crawl Stone Soup version 0.28.0-49-g6dfe1f597d (webtiles) character file.

Game seed: 3946169785793878851

24059 Zeld the Warrior (level 12, 0/121 HPs)
             Began as a Minotaur Berserker on May 20, 2022.
             Was an Elder of Trog.
             Shot with an arrow by Nessos (24 damage)
             ... on level 12 of the Dungeon.
             The game lasted 00:14:00 (17391 turns).

Zeld the Warrior (Minotaur Berserker)              Turns: 17391, Time: 00:14:01

Health: 0/121      AC: 21    Str: 25    XL:     12   Next: 77%
Magic:  11/11      EV: 11    Int:  4    God:    Trog [****..]
Gold:   458        SH:  0    Dex: 12    Spells: 11/11 levels left

rFire   . . .      SeeInvis .   a - +0 war axe
rCold   . . .      Faith    .   (no shield)
rNeg    . . .      Spirit   .   b - +0 plate armour
rPois   .          Reflect  .   g - +2 hat {Will+}
rElec   .          Harm     .   u - +2 cloak
rCorr   .          Rampage  .   m - +0 pair of gloves
Will    +++..                   (no boots)
Stlth   ..........              (no amulet)
HPRegen 1.30/turn               (no ring)
MPRegen 0.12/turn               (no ring)

@: lethally poisoned (0 -> -21), strong-willed, on berserk cooldown,
regenerating, slowed, very slow
A: horns 2, retaliatory headbutt
a: Renounce Religion, Berserk, Trog's Hand, Brothers in Arms


You were on level 12 of the Dungeon.
You worshipped Trog.
Trog was greatly pleased with you.
You visited 3 branches of the dungeon, and saw 14 of its levels.
You also visited: Bailey.

You collected 740 gold pieces.
You spent 282 gold pieces at shops.

Inventory:

Hand Weapons
 a - a +0 war axe (weapon)
Armour
 b - a +0 plate armour (worn)
 g - a +2 hat of willpower (worn)
 m - a +0 pair of gloves (worn)
 u - a +2 cloak (worn)
Jewellery
 F - a ring of protection from cold
Wands
 f - a wand of flame (3)
 w - a wand of iceblast (18)
 y - a wand of acid (10)
 C - a wand of paralysis (21)
 G - a wand of polymorph (4)
Scrolls
 d - 6 scrolls of enchant weapon
 e - 4 scrolls of fear
 h - 2 scrolls of enchant armour
 o - 2 scrolls of brand weapon
 p - 2 scrolls of identify
 A - 8 scrolls of teleportation
 E - a scroll of acquirement {unknown}
 K - a scroll of magic mapping
Potions
 c - 4 potions of lignification {unknown}
 i - 2 potions of brilliance {unknown}
 j - 5 potions of curing {unknown}
 k - 3 potions of cancellation {unknown}
 l - 3 potions of might {unknown}
 n - 3 potions of flight {unknown}
 r - 2 potions of heal wounds
 s - 3 potions of haste {unknown}
 t - 2 potions of ambrosia {unknown}
 v - 2 potions of mutation {unknown}
 x - 2 potions of attraction {unknown}
 B - a potion of berserk rage {unknown}
 H - a potion of degeneration {unknown}
 J - a potion of resistance {unknown}
Miscellaneous
 L - a piece from Xom's chessboard (15/15)


   Skills:
 * Level 15.3 Fighting
 * Level 15.2 Axes
 + Level 10.9 Armour
 + Level 10.1 Dodging


You had 11 spell levels left.
You didn't know any spells.
Your spell library was empty.

Dungeon Overview and Level Annotations

Branches:
Dungeon (12/15)            Temple (1/1) D:6            Lair (1/6) D:9
    Orc (0/2) D:11         Bailey (visited)

Altars:
Ashenzari
Cheibriados
Dithmenos
Elyvilon
Fedhas
Gozag
Hepliaklqana
Kikubaaqudgha
Makhleb
Nemelex Xobeh
Okawaru
Qazlal
Ru
Sif Muna
Trog
Uskayaw
Vehumet
Wu Jian
Xom
Yredelemnul
Zin
The Shining One

Shops:
D:1 *:   D:8 *   D:10 =

Annotations:
D:12 Nessos


Innate Abilities, Weirdness & Mutations

You have a pair of horns on your head.
You reflexively headbutt those who attack you in melee.


Message History

Nessos blinks!
Nessos shoots an arrow.
The arrow hits you!
* * * LOW HITPOINT WARNING * * *
The arrow burns you.
You are more poisoned.
* * * LOW HITPOINT WARNING * * *
Nessos unwields a +2 longbow of flaming.
It stops flaming.
Nessos hits you.
* * * LOW HITPOINT WARNING * * *
Nessos kicks you but does no damage.
Unknown command.
You feel much better.
* * * LOW HITPOINT WARNING * * *
You feel extremely sick. Nessos hits you but does no damage. Nessos kicks you.
* * * LOW HITPOINT WARNING * * *
Nessos hits you but does no damage. Nessos closely misses you.
Nessos hits you but does no damage. Nessos closely misses you.
You feel much better.
You feel extremely sick.
Nessos gestures wildly while chanting.
Nessos blinks!
Nessos casts a spell.
Nessos blinks!
Nessos wields a +2 longbow of flaming.
It bursts into flame!
Nessos shoots an arrow.
The arrow hits you!
* * * LOW HITPOINT WARNING * * *
The arrow burns you.
You are more poisoned.
* * * LOW HITPOINT WARNING * * *
Unknown command.
Okay, then.
Unknown command.
You feel much better.
You feel extremely sick.
Nessos shoots an arrow.
The arrow hits you!
* * * LOW HITPOINT WARNING * * *
The arrow burns you.
You are more poisoned.
* * * LOW HITPOINT WARNING * * *
Nessos shoots an arrow.
The arrow hits you!!
You die...

#(#
#...#
#.#
####≈
#.# #≈
#.# ##
#)#
#.######
#.c)...#
######.#
#@# #§#
#.. ###.
.. ..
.c. ..§


You could see Nessos (fast).

Vanquished Creatures
  Gastronok (D:10)
  A stone giant (D:11)
  Snorg (D:10)
  A boulder beetle (D:11)
  An ogre mage (D:11)
  Erica (D:8)
  The ghost of scrumboscrunkly the Protected, a novice MiBe of Trog (D:10)
  8 two-headed ogres
  A flayed ghost (D:11)
  Pikel (D:6)
  An orc knight (Bailey)
  A cyclops (D:12)
  A deep elf pyromancer (D:11)
  2 ugly things
  Joseph (D:8)
  A gargoyle (D:12)
  Maggie (D:7)
  A komodo dragon (D:11)
  2 kobold demonologists (D:11)
  An efreet (D:10)
  2 hornets
  3 trolls
  Sigmund (D:6)
  A shadow (D:12)
  14 yaks
  A wraith (D:12)
  A cane toad zombie (D:9)
  Edmund (D:4)
  An acid dragon (D:12)
  Duvessa (D:6)
  A water moccasin (D:9)
  12 orc warriors
  A sky beast (D:6)
  2 necrophages
  5 wolves (D:9)
  4 ogres
  5 centaurs
  2 phantoms
  4 bullfrogs
  A kobold brigand (D:10)
  2 gnoll sergeants
  3 scorpions
  A water moccasin zombie (D:5)
  Dowan (D:6)
  A killer bee (D:8)
  2 electric eels
  A crimson imp (D:6)
  2 bullfrog zombies (D:5)
  4 howler monkeys
  5 centaur zombies
  4 hounds
  A jelly (D:5)
  Crazy Yiuf (D:6)
  9 orc priests
  A centaur skeleton (D:6)
  2 iguanas
  12 orc wizards
  A scorpion zombie (D:5)
  A killer bee zombie (D:8)
  9 gnolls
  9 adders
  4 white imps
  An ufetubus (D:5)
  An adder zombie (D:5)
  An adder skeleton (D:4)
  2 worms (D:2)
  4 dart slugs
  61 orcs
  10 endoplasms
  4 giant cockroaches
  8 goblins
  4 hobgoblins
  6 jackals
  5 quokkas
  4 ball pythons
  5 bats
  4 frilled lizards
  10 kobolds
  2 rats
300 creatures vanquished.

Vanquished Creatures (collateral kills)
  Sonja (D:10)
1 creature vanquished.

Vanquished Creatures (others)
  4 plants (D:8)
  2 withered plants (D:10)
6 creatures vanquished.

Grand Total: 307 creatures vanquished

Notes
Turn   | Place    | Note
-------+----------+-------------------------------------------
     0 | D:1      | Zeld the Minotaur Berserker began the quest for the Orb.
     0 | D:1      | Reached XP level 1. HP: 19/19 MP: 0/0
    88 | D:1      | Found a faded altar of an unknown god.
   108 | D:1      | Found Arewnite's General Store.
   155 | D:1      | Found Yfeiroli's Book Emporium.
   467 | D:1      | Reached XP level 2. HP: 24/27 MP: 1/1
  1213 | D:2      | Reached XP level 3. HP: 17/33 MP: 2/2
  1407 | D:2      | Found a broken altar of Ashenzari.
  2107 | D:3      | Reached ** piety under Trog
  2156 | D:3      | Reached XP level 4. HP: 41/41 MP: 3/3
  3082 | D:4      | Reached skill level 5 in Fighting
  3085 | D:4      | Reached skill level 5 in Axes
  3085 | D:4      | Reached XP level 5. HP: 25/48 MP: 4/4
  3340 | D:4      | Noticed a phantom
  3349 | D:4      | Killed a phantom
  3350 | D:4      | Reached XP level 6. HP: 34/56 MP: 5/5
  3698 | D:4      | Identified the +0 ring mail "Mushiur" {Int+4}
  4249 | D:4      | Found a stormy altar of Qazlal.
  4365 | D:5      | Entered Level 5 of the Dungeon
  4371 | D:5      | Noticed Edmund
  4432 | D:4      | Killed Edmund
  4433 | D:4      | Reached XP level 7. HP: 54/64 MP: 6/6
  4962 | D:5      | Reached skill level 5 in Armour
  4993 | D:5      | Reached XP level 8. HP: 20/73 MP: 7/7
  5572 | D:5      | Noticed a hornet
  5577 | D:5      | Paralysed by a hornet for 3 turns
  5581 | D:5      | Killed a hornet
  5582 | D:5      | Reached skill level 5 in Dodging
  5786 | D:6      | Noticed Sigmund
  5793 | D:6      | Killed Sigmund
  5929 | D:6      | Noticed Pikel
  5947 | D:6      | Killed Pikel
  5948 | D:6      | Reached XP level 9. HP: 47/83 MP: 8/8
  6186 | D:6      | Found a staircase to the Ecumenical Temple.
  6200 | Temple   | Entered the Ecumenical Temple
  6812 | D:6      | Noticed Duvessa
  6815 | D:6      | Noticed Dowan
  6819 | D:6      | Killed Duvessa
  6823 | D:6      | Killed Dowan
  6917 | D:6      | Reached *** piety under Trog
  7085 | D:6      | Found a runed translucent door.
  7086 | D:6      | Noticed Crazy Yiuf
  7359 | D:6      | Killed Crazy Yiuf
  7607 | D:7      | Reached skill level 10 in Fighting
  7719 | D:7      | Reached skill level 10 in Axes
  7721 | D:7      | Noticed Maggie
  7733 | D:7      | Killed Maggie
  8418 | D:8      | Reached XP level 10. HP: 86/94 MP: 9/9
  8561 | D:1      | Bought a potion of heal wounds for 65 gold pieces
  8561 | D:1      | Bought a potion of heal wounds for 65 gold pieces
  8670 | D:8      | Found Lytala's Assorted Antiques.
  8674 | D:8      | Bought a wand of paralysis (6) for 76 gold pieces
  8674 | D:8      | Bought a scroll labelled QOSSOI IFFEID for 38 gold pieces
  8674 | D:8      | Bought a scroll labelled MOJEDU HIHUGYH for 38 gold pieces
  8715 | D:8      | Noticed Joseph
  8725 | D:8      | Killed Joseph
  9259 | D:8      | Noticed a two-headed ogre
  9266 | D:8      | Killed a two-headed ogre
 10461 | D:9      | Noticed Erica
 10489 | D:8      | Killed Erica
 10767 | D:9      | Found a staircase to the Lair.
 11371 | D:9      | Reached **** piety under Trog
 11539 | D:10     | Entered Level 10 of the Dungeon
 11560 | D:10     | Noticed Snorg
 11564 | D:10     | Noticed Gastronok
 11570 | D:10     | Killed Snorg
 11571 | D:10     | Reached XP level 11. HP: 105/105 MP: 10/10
 11633 | Lair:1   | Entered Level 1 of the Lair of Beasts
 11668 | D:10     | Noticed a two-headed ogre
 11676 | D:10     | Killed a two-headed ogre
 11735 | D:10     | Found a flagged portal.
 11735 | D:10     | Noticed Sonja
 11742 | Bailey   | Entered a bailey
 11853 | Bailey   | Noticed an orc knight
 12427 | Bailey   | Identified the +0 tower shield "Muonwioxut" {Dex+3}
 12525 | Bailey   | Killed an orc knight
 12616 | D:10     | Killed Sonja
 12833 | D:10     | Killed Gastronok
 12953 | D:10     | Found Adabit's Jewellery Emporium.
 13077 | D:10     | Found a runed translucent door.
 13078 | D:10     | Noticed scrumboscrunkly's ghost (novice MiBe)
 13486 | D:10     | Killed scrumboscrunkly's ghost
 13785 | D:11     | Noticed a flayed ghost
 13785 | D:11     | Noticed a deep elf pyromancer
 13785 | D:11     | Noticed a two-headed ogre
 13785 | D:11     | Noticed a stone giant
 13842 | D:10     | Killed a two-headed ogre
 14119 | D:11     | Killed a flayed ghost
 14320 | D:11     | Noticed a boulder beetle
 14321 | D:11     | Noticed a two-headed ogre
 14321 | D:11     | Noticed a two-headed ogre
 14326 | D:11     | Noticed a two-headed ogre
 14327 | D:11     | Noticed an ogre mage
 14362 | D:10     | Killed a two-headed ogre
 14363 | D:10     | Reached skill level 10 in Armour
 14363 | D:10     | Reached XP level 12. HP: 49/117 MP: 11/11
 14858 | D:11     | Killed a stone giant
 15124 | D:11     | Noticed a two-headed ogre
 15130 | D:11     | Killed a two-headed ogre
 15243 | D:11     | Killed a boulder beetle
 15502 | D:11     | Killed an ogre mage
 15504 | D:11     | Killed a two-headed ogre
 15511 | D:11     | Killed a two-headed ogre
 15906 | D:11     | Found a staircase to the Orcish Mines.
 16401 | D:12     | Noticed a two-headed ogre
 16414 | D:12     | Killed a two-headed ogre
 16415 | D:12     | Reached skill level 15 in Fighting
 16664 | D:12     | Reached skill level 15 in Axes
 16797 | D:12     | Reached skill level 10 in Dodging
 17268 | D:12     | Noticed a death knight
 17370 | D:12     | Noticed Nessos
 17388 | D:12     | HP: 6/121 [Nessos/arrow (2)]
 17391 | D:12     | Shot with an arrow by Nessos

Illustrated notes

Levels and vault maps discovered:
D:1:      dpeg_arrival_shrine, layout_basic, ebering_ecumenical_altar_rust,
          serial_shops, nicolae_shop_advertising_works
          [nicolae_subvault_shop_adworks], shop
D:2:      layout_basic, basic_altar
D:3:      layout_loops_ring
D:4:      layout_gridville, mainiacjoe_overflow_concentric_impassable
D:5:      layout_gridville, minmay_bent, uniq_edmund
D:6:      layout_rooms, minmay_temple_entry_tees, minmay_fire_ice_demons,
          uniq_pikel, uniq_sigmund, uniq_duvessa, uniq_crazy_yiuf_cottage
D:7:      layout_cave_pools, uniq_maggie
D:8:      layout_gridville, serial_shops, nicolae_shop_hallway_stairs,
          serial_bayou_lagoon_a, kennysheep_generic_room_13, uniq_joseph
D:9:      layout_loops_ring, erik_lair_island, st_stairs_5, uniq_erica
D:10:     layout_long_grid, enter_bailey_3, gammafunk_ghost_grave, serial_shops,
          nicolae_shop_hallway_plus, uniq_sonja, uniq_snorg, uniq_gastronok
D:11:     layout_long_grid, hiddenorc1_lemuel, wad_scary_box
D:12:     layout_basic, kennysheep_opposing_triangles, uniq_nessos
Temple:   mainiacjoe_temple_circle_huts
Lair:1:   layout_regular_city, pond, grunt_megastairs_3

Skill      XL: |  1  2  3  4  5  6  7  8  9 10 11 12 |
---------------+-------------------------------------+-----
Fighting       | 4 5 6 7 9 10 12 14 15 | 15.3
Axes           | 4 5 6 7 9 10 12 14 15 | 15.2
Armour         | 3 4 5 6 7 8 10 | 10.9
Dodging        | 3 4 5 6 8 9 10 | 10.1

Action                   |  1- 3 |  4- 6 |  7- 9 | 10-12 || total
-------------------------+-------+-------+-------+-------++-------
Melee: Hand axe          |    87 |       |       |       ||    87
       Headbutt          |    16 |    16 |    39 |   134 ||   205
       War axe           |    20 |    92 |   226 |   510 ||   848
       Punch             |       |     1 |     4 |     9 ||    14
Invok: Berserk           |       |     1 |     4 |    15 ||    20
       Trog's Hand       |       |       |     1 |     4 ||     5
       Brothers in Arms  |       |       |       |     1 ||     1
  Use: Scroll            |       |       |       |    13 ||    13
       Potion            |       |       |       |     3 ||     3
 Stab: Sleeping          |       |     2 |       |       ||     2
Armor: Animal skin       |    17 |    15 |    22 |       ||    54
       Plate armour      |       |       |   100 |   245 ||   345
Dodge: Dodged            |    82 |    63 |   126 |   270 ||   541
